 Dungeon Crawl Stone Soup version 0.20.1-1-g8b1a95d (console) character file.

119 hilaritas the Chiller (level 4, -1/24 HPs)
             Began as a Deep Elf Ice Elementalist on Sept 30, 2017.
             Slain by Robin
             ... wielding a +2 whip of electrocution
              (3 damage)
             ... on level 2 of the Dungeon.
             The game lasted 00:04:52 (2051 turns).

hilaritas the Chiller (Deep Elf Ice Elementalist)   Turns: 2051, Time: 00:04:53

Health: -1/24      AC:  0    Str:  6    XL:     4   Next: 74%
Magic:  3/12       EV: 13    Int: 20    God:
Gold:   78         SH:  0    Dex: 15    Spells: 1/11 levels left

rFire    . . .     SeeInvis .   o - +0 short sword
rCold    . . .     Gourm    .   (no shield)
rNeg     . . .     Faith    .   d - -2 robe (curse)
rPois    .         Spirit   .   (no helmet)
rElec    .         Reflect  .   (no cloak)
rCorr    .         Harm     .   (no gloves)
MR       .....                  (no boots)
Stlth    ++........             (no amulet)
Regen    0.1/turn               (no ring)
MPRegen  0.2/turn               (no ring)

@: no status effects
A: no striking features
a: no special abilities


You were on level 2 of the Dungeon.
You were not hungry.

You visited 1 branch of the dungeon, and saw 2 of its levels.

You collected 78 gold pieces.

Inventory:

Hand Weapons
 o - a +0 short sword (weapon)
Missiles
 e - 42 stones (quivered)
Armour
 a - a +0 robe
 d - a cursed -2 robe (worn)
Jewellery
 g - an uncursed ring of ice {unknown}
 i - a +4 ring of strength {unknown}
 p - a cursed ring of loudness {unknown}
Scrolls
 f - a scroll of fear {unknown}
 h - a scroll of enchant weapon {unknown}
 l - 2 scrolls of recharging {unknown}
Potions
 m - a potion of curing {unknown}
 n - a potion of flight {unknown}
 q - a potion of brilliance {unknown}
Books
 b - a book of Frost

   Spells                             Type                      Level
   a - Freeze                         Ice                          1
   b - Throw Frost                    Conjuration/Ice              2
   c - Ozocubu's Armour               Charms/Ice                   3
   d - Throw Icicle                   Conjuration/Ice              4
   e - Summon Ice Beast               Ice/Summoning                4
Comestibles
 c - a bread ration
 s - a meat ration


   Skills:
 - Level 2.4 Dodging
 - Level 2.4 Stealth
 * Level 4.3 Spellcasting
 - Level 2.2 Conjurations
 - Level 5.0 Ice Magic


You had one spell level left.
You knew the following spells:

 Your Spells              Type           Power        Failure   Level  Hunger
a - Freeze                Ice            ###.         1%          1    None
b - Throw Frost           Conj/Ice       ###...       4%          2    #......
c - Ozocubu's Armour      Chrm/Ice       ##......     13%         3    ###....
d - Throw Icicle          Conj/Ice       ###.....     26%         4    ####...


Dungeon Overview and Level Annotations

Branches:
Dungeon (2/15)

Altars:
Makhleb

Annotations:
D:2 Robin


Message History

Okay, then.
It was a potion of heal wounds.
You feel much better. The goblin hits you with a club.
Robin hits you but does no damage.
Casting: Freeze
Confirm with . or Enter, or press ? or * to list all spells.
Aiming: Freeze
Press: ? - help, Shift-Dir - straight line, f - Robin
Aim: Robin, wielding a whip of electrocution, wearing an animal skin and wearing a helmet You freeze Robin.
Robin is lightly wounded.
Robin hits you with a whip of electrocution.
You are electrocuted!
Ouch! That really hurt!
* * * LOW HITPOINT WARNING * * *
The goblin hits you with a club.
* * * LOW HITPOINT WARNING * * *
It was a potion of cancellation.
You feel magically purged.
Your magical contamination has completely faded away.
Robin hits you with a whip of electrocution.
You die...

#.# #.# #.# #.#
####### #.#
......# #.#
#####.######.#####
.......>.........#
.####.).....####.#
.. #.......# #g# #
######### #@# #
#g# # #g. # g#.# #
. .# # .. .# # ..
## # ♣## # # #


You could see Robin, a hobgoblin and 2 goblins.

Vanquished Creatures
  Jessica (D:2)
  3 adders (D:2)
  A dart slug (D:2)
  A worm (D:2)
  2 leopard geckos (D:2)
  8 bats
  7 giant cockroaches
  8 goblins
  4 hobgoblins
  4 jackals (D:2)
  6 kobolds
  3 quokkas (D:2)
  5 frilled lizards
  4 rats
57 creatures vanquished.

Vanquished Creatures (others)
  3 fungi (D:2)
3 creatures vanquished.

Grand Total: 60 creatures vanquished

Notes
Turn   | Place    | Note
-------+----------+-------------------------------------------
     0 | D:1      | hilaritas the Deep Elf Ice Elementalist began the quest for the Orb.
     0 | D:1      | Reached XP level 1. HP: 10/10 MP: 6/6
   259 | D:1      | Reached skill level 4 in Ice Magic
   259 | D:1      | Reached XP level 2. HP: 15/15 MP: 6/8
   267 | D:1      | Learned a level 2 spell: Throw Frost
   852 | D:2      | Noticed Jessica
   855 | D:2      | Killed Jessica
   855 | D:2      | Reached XP level 3. HP: 19/19 MP: 6/9
   985 | D:2      | Learned a level 3 spell: Ozocubu's Armour
   999 | D:2      | Reached skill level 5 in Ice Magic
   999 | D:2      | Reached XP level 4. HP: 14/24 MP: 5/10
  1499 | D:2      | Found a burning altar of Makhleb.
  1528 | D:2      | Learned a level 4 spell: Throw Icicle
  2036 | D:2      | Noticed Robin
  2051 | D:2      | Slain by Robin

Skill      XL: |  1  2  3  4 |
---------------+-------------+-----
Ice Magic      | 4 5 |  5.0
Conjurations   | 2 |  2.2
Spellcasting   | 4 |  4.3
Dodging        | |  2.4
Stealth        | |  2.4

Action                   |  1- 3 |  4- 6 || total
-------------------------+-------+-------++-------
Melee: Unarmed           |     2 |       ||     2
       Short sword       |     1 |     1 ||     2
 Cast: Freeze            |    36 |    44 ||    80
  Use: Scroll            |     2 |       ||     2
       Potion            |       |     2 ||     2
  Eat: Chunk             |       |     3 ||     3
Armor: Robe              |     3 |       ||     3
Dodge: Dodged            |    22 |    13 ||    35
